 Dungeon Crawl Stone Soup version 0.23.2-33-g5129a83184 (webtiles) character file.

Game seed: 18037650686682209922

16 troglodite the Grasshopper (level 2, 0/20 HPs)
             Began as a Gnoll Wanderer on July 22, 2019.
             Succumbed to an adder's poison
             ... on level 2 of the Dungeon.
             The game lasted 00:02:43 (1640 turns).

troglodite the Grasshopper (Gnoll Wanderer)         Turns: 1640, Time: 00:02:43

Health: 0/20       AC:  3    Str: 13    XL:     2   Next: 54%
Magic:  5/5        EV: 11    Int: 17    God:
Gold:   24         SH:  0    Dex: 12    Spells: 6/6 levels left

rFire    . . .     SeeInvis .   a - +0 club
rCold    . . .     Gourm    .   (no shield)
rNeg     . . .     Faith    .   h - +0 leather armour
rPois    .         Spirit   .   (no helmet)
rElec    .         Reflect  .   i - scarf {cloud immunity}
rCorr    .         Harm     .   (no gloves)
MR       .....                  (no boots)
Stlth    ++........             (no amulet)
HPRegen  0.06/turn              (no ring)
MPRegen  0.09/turn              (no ring)

@: lethally poisoned (0 -> -9)
A: distributed training, fangs 1, strong nose
a: no special abilities


You were on level 2 of the Dungeon.
You were not hungry.

You visited 1 branch of the dungeon, and saw 2 of its levels.

You collected 24 gold pieces.

Inventory:

Hand Weapons
 a - a +0 club (weapon)
Armour
 h - a +0 leather armour (worn)
 i - a scarf of cloud immunity (worn)
Scrolls
 c - 2 scrolls of remove curse {unknown}
 k - a scroll of random uselessness {unknown}
Potions
 b - a potion of invisibility {unknown}
 d - a potion of lignification {unknown}
 e - a potion of brilliance {unknown}
 g - a potion of ambrosia {unknown}
 j - a potion of heal wounds {unknown}
 l - a potion of agility {unknown}
Comestibles
 f - 2 rations
 m - 2 chunks of flesh


   Skills:
 + Level 0.4 Fighting
 + Level 0.4 Short Blades
 + Level 0.4 Long Blades
 + Level 0.4 Axes
 + Level 0.4 Maces & Flails
 + Level 0.4 Polearms
 + Level 0.4 Staves
 + Level 0.4 Slings
 + Level 0.4 Bows
 + Level 0.4 Crossbows
 + Level 0.4 Throwing
 + Level 0.4 Armour
 + Level 0.4 Dodging
 + Level 2.2 Stealth
 + Level 0.4 Shields
 + Level 0.4 Unarmed Combat
 + Level 2.7 Spellcasting
 + Level 0.2 Conjurations
 + Level 3.7 Hexes
 + Level 0.2 Charms
 + Level 0.2 Summonings
 + Level 0.2 Necromancy
 + Level 5.3 Translocations
 + Level 0.2 Transmutations
 + Level 0.2 Fire Magic
 + Level 0.2 Ice Magic
 + Level 3.7 Air Magic
 + Level 0.2 Earth Magic
 + Level 0.2 Poison Magic
 + Level 0.5 Invocations
 + Level 2.5 Evocations


You had 6 spell levels left.
You didn't know any spells.
Your spell library contained the following spells:

 Spells                   Type           Power        Failure   Level  Hunger
 Corona                   Hex            ##.....      4%          1    #......
 Ensorcelled Hibernation  Hex/Ice        #.....       16%         2    ##.....
 Poisonous Vapours        Pois/Air       #.....       16%         2    ##.....
 Swiftness                Chrm/Air       #.......     16%         2    ##.....
 Confuse                  Hex            ##......     16%         3    ###....
 Tukima's Dance           Hex            ##......     16%         3    ###....
 Sting                    Conj/Pois      #...         21%         1    #......
 Dazzling Spray           Conj/Hex       #.....       30%         3    ###....
 Mephitic Cloud           Conj/Pois/Air  #.......     36%         3    ###....


Dungeon Overview and Level Annotations

Branches:
Dungeon (2/15)

Altars:


Innate Abilities, Weirdness & Mutations

Your experience applies equally to all skills.
You have very sharp teeth.
Your uncanny sense of smell can sniff out nearby items.


Message History

The adder is heavily wounded.
You feel sick. The adder misses you. The adder barely misses you.
You hit the adder.
The adder is almost dead.
The adder bites you.
You closely miss the adder. Your bite misses the adder.
The adder is almost dead.
The adder bites you.
You are lethally poisoned!
The adder poisons you! The adder bites you.
* * * LOW HITPOINT WARNING * * *
You miss the adder.
The adder is almost dead.
* * * LOW HITPOINT WARNING * * *
You feel sick. The adder bites you.
* * * LOW HITPOINT WARNING * * *
The adder barely misses you.
You closely miss the adder.
The adder is almost dead.
You die...

#.# #.#
#<# #.#
##.# #.#
...# #.##
####
#..##
##..##
##..## ∆
##..####
#.@..?#
##S##...#
#.# ###
#.# #.#
#.# #.#
#.#


You could see an adder.

Vanquished Creatures
  A dart slug (D:1)
  2 bats (D:1)
  A giant cockroach (D:2)
  3 goblins (D:1)
  2 hobgoblins (D:1)
  A frilled lizard (D:1)
  A kobold (D:1)
  A rat (D:1)
12 creatures vanquished.

Notes
Turn   | Place    | Note
-------+----------+-------------------------------------------
     0 | D:1      | troglodite the Gnoll Wanderer began the quest for the Orb.
     0 | D:1      | troglodite set off with the following items: a +0 club, a
                  | +0 robe, a ration; and the following spells available to
                  | memorise: Corona, Confuse, Tukima's Dance, Ensorcelled
                  | Hibernation, Poisonous Vapours, Swiftness, Sting, Dazzling
                  | Spray, Mephitic Cloud
     0 | D:1      | Reached XP level 1. HP: 13/13 MP: 4/4
   939 | D:1      | Reached XP level 2. HP: 19/19 MP: 5/5
  1639 | D:2      | HP: 1/20 [adder (1)]
  1640 | D:2      | Succumbed to an adder's poison

Action                   || total
-------------------------++-------
Melee: Club              ||    56
       Bite              ||     7
 Stab: Sleeping          ||     2
  Eat: Chunk             ||     2
Armor: Robe              ||    13
       Leather armour    ||    11
Dodge: Dodged            ||    34
